 Dungeon Crawl Stone Soup version 0.28.0-45-g0d030f2227 (webtiles) character file.

Game seed: 12004333305017338357

75 issech the Cudgeller (level 4, -3/44 HPs)
             Began as a Troll Monk on Apr 13, 2022.
             Killed from afar by an orc wizard (6 damage)
             ... with a magic dart
             ... on level 3 of the Dungeon.
             The game lasted 00:06:48 (1562 turns).

issech the Cudgeller (Troll Monk)                   Turns: 1562, Time: 00:06:49

Health: -3/44      AC:  4    Str: 19    XL:     4   Next: 11%
Magic:  3/3        EV: 11    Int:  6    God:
Gold:   77         SH:  0    Dex: 20    Spells: 3/3 levels left

rFire   . . .      SeeInvis .   a - +0 mace
rCold   + . .      Faith    .   (no shield)
rNeg    . . .      Spirit   .   b - +0 robe
rPois   .          Reflect  .   (helmet restricted)
rElec   .          Harm     .   (no cloak)
rCorr   .          Rampage  .   (gloves unavailable)
Will    .....                   (boots unavailable)
Stlth   ++........              (no amulet)
HPRegen 0.94/turn               e - +6 ring of dexterity
MPRegen 0.08/turn               o - ring of protection from cold

@: no status effects
A: large, unfitting armour, claws 3, regeneration 1, shaggy fur 1, tough skin 1
a: no special abilities


You were on level 3 of the Dungeon.
You visited 1 branch of the dungeon, and saw 3 of its levels.

You collected 77 gold pieces.

Inventory:

Hand Weapons
 a - a +0 mace (weapon)
 l - a +0 vampiric dagger
Missiles
 d - 72 stones (quivered)
 h - 44 bolts
 k - 4 poisoned darts
Armour
 b - a +0 robe (worn)
Jewellery
 e - a +6 ring of dexterity (left claw)
 o - a ring of protection from cold (right claw)
Scrolls
 g - a scroll of identify {unknown}
 j - a scroll of magic mapping {unknown}
 n - 2 scrolls of fear {unknown}
 p - a scroll of blinking {unknown}
Potions
 c - a potion of berserk rage {unknown}
 f - a potion of mutation {unknown}
 i - 2 potions of heal wounds {unknown}
 m - a potion of lignification {unknown}
 q - a potion of flight {unknown}


   Skills:
 + Level 2.7 Fighting
 + Level 3.4 Maces & Flails
 + Level 0.3 Throwing
 + Level 3.1 Dodging
 + Level 1.2 Stealth


You had 3 spell levels left.
You didn't know any spells.
Your spell library contained the following spells:

 Spells                   Type           Power      Damage    Failure   Level
 Call Canine Familiar     Summ           0%         N/A       83%         3
 Inner Flame              Hex/Fire       0%         N/A       83%         3
 Portal Projectile        Hex/Tloc       0%         N/A       83%         3
 Airstrike                Air            0%         N/A       99%         4
 Cause Fear               Hex            0%         N/A       99%         4
 Leda's Liquefaction      Hex/Erth       0%         N/A       99%         4
 Summon Lightning Spire   Summ/Air       0%         N/A       99%         4
 Lightning Bolt           Conj/Air       0%         1d11      100%        5
 Discord                  Hex            0%         N/A       100%        8


Dungeon Overview and Level Annotations

Branches:
Dungeon (3/15)

Altars:

Shops:
D:3 !


Innate Abilities, Weirdness & Mutations

You are too large for most types of armour.
You have claws for hands.
Your natural rate of healing is unusually fast.
You are covered in fur. (AC +1)
You have tough skin. (AC +1)


Message History

You completely miss something. Something hits you but does no damage.
You barely miss something. Something hits you.
You hit something but do no damage. Something hits you. x2
You bump into the rock wall.
Something hits you.
You bump into the rock wall.
You feel less confused. Something hits you but does no damage.
You closely miss something.
You hear some strange, mumbled words.
A puff of flame appears from out of thin air!
The puff of flame hits you!
You closely miss something.
You hear some strange, mumbled words.
A magic dart appears from out of thin air!
The magic dart hits you.
You miss something.
You hear some strange, mumbled words.
A magic dart appears from out of thin air!
The magic dart hits you!
The orc priest calls down the wrath of Beogh upon you.
Beogh smites you!
* * * LOW HITPOINT WARNING * * *
You closely miss something. Something hits you.
You hear some strange, mumbled words.
A magic dart appears from out of thin air!
The magic dart hits you!
* * * LOW HITPOINT WARNING * * *
You hit something. Something hits you.
* * * LOW HITPOINT WARNING * * *
You closely miss something. Something hits you.
* * * LOW HITPOINT WARNING * * *
You closely miss something. The orc hits you with a +0 short sword.
* * * LOW HITPOINT WARNING * * *
Something hits you.
* * * LOW HITPOINT WARNING * * *
You hear some strange, mumbled words.
A magic dart appears from out of thin air!
The magic dart hits you.
You die...

o. #. #o #########
##(# #.......#
####.(.## #.......#
#.......# #.......##
# #....###{......##.#
#..oo@......##.#
#.o##.......#.#.###
#..##.......)###..#
#..##....####.#.#.#
...##.##.# ##.##.#
###.##.##.# ####.#
#.......# ##.####
.....##.#######......
..........#####


You could see an orc priest and 2 orcs.

Vanquished Creatures
  3 dart slugs
  2 orcs (D:3)
  4 ball pythons
  9 endoplasms
  A giant cockroach (D:1)
  9 goblins
  6 hobgoblins
  3 quokkas
  6 bats
  A frilled lizard (D:3)
  12 kobolds
  5 rats
61 creatures vanquished.

Notes
Turn   | Place    | Note
-------+----------+-------------------------------------------
     0 | D:1      | issech the Troll Monk began the quest for the Orb.
     0 | D:1      | Reached XP level 1. HP: 22/22 MP: 0/0
    50 | D:1      | Found a faded altar of an unknown god.
    87 | D:1      | Reached XP level 2. HP: 26/29 MP: 1/1
   440 | D:1      | Reached XP level 3. HP: 32/36 MP: 2/2
   496 | D:1      | You fall into a shaft and drop 1 floor!
  1391 | D:3      | Found Atrinir's Distillery.
  1484 | D:3      | Reached XP level 4. HP: 44/44 MP: 3/3
  1561 | D:3      | HP: 2/44 [something (1)]
  1562 | D:3      | Killed from afar by an orc wizard

Illustrated notes

Levels and vault maps discovered:
D:1:      amcnicky_arrival_choice, layout_basic,
          shapermc_ecumenical_altar_starsandcircs, grunt_decor_junction,
          minmay_tripent
D:2:      layout_basic
D:3:      layout_loops_cross, serial_shops, nicolae_shop_hallway_plus,
          minmay_liquid_box

Skill      XL: |  1  2 |
---------------+-------+-----
Dodging        | 3 |  3.1
Maces & Flails | 3 |  3.4
Fighting       | |  2.7
Throwing       | |  0.3
Stealth        | |  1.2

Action                   |  1- 3 |  4- 6 || total
-------------------------+-------+-------++-------
Melee: Mace              |   149 |    20 ||   169
       Punch             |     2 |     1 ||     3
Throw: Stone             |    56 |     8 ||    64
 Stab: Sleeping          |     6 |       ||     6
       Distracted        |     1 |       ||     1
Armor: Robe              |    68 |     4 ||    72
Dodge: Dodged            |   114 |     5 ||   119
